AoeStats
← Fallout

African Clearing

510858839Analyzed
4v4 RM · 19h ago on Oct 2, 2026· 53m 17s· 8 players
Game mode
Random Map
Map size
Large (8 player)
Population
200
Speed
Normal
Resources
Standard
Victory
Conquest
Starting age
Dark Age
Ending age
Imperial Age
RankedLock teamsTeams togetherTeam positionsShared explorationLock speedFull tech treeHidden civsTurbo modeCheats
Victory
Defeat
🇬🇧 Bulgarians · United Kingdom
1696
+9
🇺🇸 Danes · United States
1637
+11
🇺🇸 Bengalis · United States
1558
+14
🇺🇸 Lithuanians · United States
1445
+18
🇧🇪 Georgians · Belgium
1658
-19
🇳🇱 Sicilians · Netherlands
1549
-14
🇲🇽 Burmese · Mexico
1475
-11
🇩🇪 Cumans · Germany
1368
-8
CAXCAN
12:18 Loom
15:06 Feudal Age
19:05 Castle Age
17:43 Scale Barding Armor
17:55 Bloodlines
18:05 Forging
17:53 Horse Collar
19:57 Husbandry
24:01 Light Cavalry
26:34 Chain Barding Armor
26:51 Devotion
30:49 Heavy Plow
31:28 Wheelbarrow
38:52 Imperial Age
36:09 Man-at-Arms
36:49 Squires
36:35 Arson
36:36 Gambesons
36:53 Scale Mail Armor
37:29 Iron Casting
37:21 Hand Cart
37:03 Long Swordsman
37:06 Pikeman
38:53 Chain Mail Armor
39:02 Two-Handed Swordsman
39:04 Halberdier
41:02 Plate Mail Armor
41:23 Champion
44:03 Elite Skirmisher
44:37 Fletching
44:48 Padded Archer Armor
45:54 Bodkin Arrow
46:21 Ballistics
48:51 Conscription
50:33 Chemistry
49:39 Siege Engineers
51:31 Bracer
52:32 Blast Furnace
KingJulien
5:35 Loom
13:30 Feudal Age
17:25 Castle Age
15:26 Double-Bit Axe
15:24 Horse Collar
21:05 Town Watch
26:40 Scale Mail Armor
27:18 First Crusade
27:14 Squires
27:41 Chain Mail Armor
27:15 Arson
28:05 Forging
29:18 Bow Saw
28:37 Pikeman
31:38 Wheelbarrow
33:30 Heavy Plow
36:46 Imperial Age
35:39 Bloodlines
35:30 Husbandry
36:07 Iron Casting
36:25 Fletching
36:49 Halberdier
38:01 Plate Mail Armor
38:32 Blast Furnace
37:07 Capped Ram
38:25 Bodkin Arrow
38:58 Cavalier
39:44 Scale Barding Armor
40:55 Conscription
41:39 Bracer
42:48 Hauberk
43:12 Chain Barding Armor
45:09 Plate Barding Armor
46:23 Padded Archer Armor
48:22 Siege Engineers
48:57 Heavy Scorpion
51:24 Ballistics
52:04 Chemistry
the_kiri
5:56 Loom
7:35 Loom
13:20 Feudal Age
19:55 Castle Age
17:52 Double-Bit Axe
18:03 Horse Collar
19:36 Wheelbarrow
20:49 Bow Saw
23:30 Town Watch
27:29 Hand Cart
27:21 Gold Mining
27:46 Bloodlines
28:43 Light Cavalry
30:29 Forging
32:11 Scale Barding Armor
36:55 Chain Barding Armor
40:42 Imperial Age
38:57 Iron Casting
40:05 Heavy Plow
41:48 Cavalier
43:49 Plate Barding Armor
45:28 Hussar
47:19 Paladin
47:46 Man-at-Arms
48:27 Squires
48:30 Scale Mail Armor
49:30 Blast Furnace
48:41 Long Swordsman
49:38 Chain Mail Armor
49:39 Two-Handed Swordsman
52:45 Plate Mail Armor
52:16 Champion
Foskito
8:48 Loom
11:11 Feudal Age
11:40 Double-Bit Axe
11:59 Horse Collar
22:21 Castle Age
21:30 Forging
22:10 Wheelbarrow
22:18 Scale Mail Armor
22:51 Pikeman
23:32 Squires
24:11 Town Watch
27:23 Hand Cart
36:41 Fletching
36:57 Svan Towers
38:17 Guard Tower
38:39 Fortified Wall
40:19 Stone Mining
40:41 Bow Saw
40:33 Heavy Plow
40:26 Gold Mining
41:37 Bodkin Arrow
42:04 Ballistics
41:56 Masonry
41:29 Treadmill Crane
46:08 Imperial Age
43:46 Padded Archer Armor
46:10 Heavy Cavalry Archer
47:15 Parthian Tactics
48:12 Conscription
48:57 Caravan
49:33 Onager
Jaxto
10:13 Loom
13:03 Feudal Age
16:04 Double-Bit Axe
18:41 Castle Age
17:56 Scale Mail Armor
18:06 Forging
20:11 Chain Mail Armor
20:32 Iron Casting
23:10 Wheelbarrow
27:47 Squires
27:58 Pikeman
28:29 Horse Collar
32:26 Gold Mining
32:26 Stone Mining
38:34 Imperial Age
36:58 Bow Saw
37:17 Medium Warships
36:47 Fishing Lines
38:26 Fletching
38:37 Capped Ram
39:45 Heavy Plow
40:17 Plate Mail Armor
40:02 Elite Varangian Guard
41:16 Halberdier
44:02 Siege Ram
44:44 Arson
44:55 Hamask
46:49 Conscription
47:53 Blast Furnace
46:48 Bodkin Arrow
48:21 Onager
49:07 Elite Jomsviking
51:02 Gold Shaft Mining
51:03 Stone Shaft Mining
50:58 Heavy Scorpion
52:30 Onager
52:32 Northmen's Fury
YOGRANNYCANTSCRAP
13:26 Feudal Age
19:52 Castle Age
17:57 Double-Bit Axe
19:15 Fishing Lines
20:36 Bloodlines
20:40 Forging
21:43 Fervor
23:33 Husbandry
31:56 Gillnets
32:34 Scale Barding Armor
35:10 Wheelbarrow
36:28 Iron Casting
36:21 Chain Barding Armor
40:15 Imperial Age
39:23 Gold Mining
39:49 Hand Cart
39:20 Loom
40:11 Bow Saw
40:27 Cavalier
41:59 Plate Barding Armor
43:03 Town Watch
44:29 Two-Man Saw
43:23 Stone Mining
43:14 Paladin
45:35 Sanctity
49:53 Conscription
51:47 Guilds
Fallout
11:57 Loom
13:43 Feudal Age
16:17 Double-Bit Axe
18:45 Castle Age
17:36 Bloodlines
18:08 Horse Collar
22:19 Forging
23:23 Pikeman
26:31 Scale Mail Armor
27:21 Devotion
27:33 Redemption
29:34 Wheelbarrow
29:02 Arson
29:14 Town Watch
31:40 Iron Casting
34:47 Gold Mining
35:12 Bow Saw
35:09 Squires
34:57 Gambesons
35:29 Chain Mail Armor
35:09 Gambesons
36:50 Heavy Plow
37:15 Squires
41:58 Imperial Age
39:32 Fletching
42:28 Hand Cart
43:41 Blast Furnace
43:00 Bagains
43:54 Capped Ram
45:15 Bagains
47:37 Plate Mail Armor
47:10 Siege Ram
49:12 Gold Shaft Mining
50:23 Conscription
49:55 Halberdier
Thundernips, The Ultimate Gigolo
14:15 Feudal Age
12:58 Loom
19:16 Castle Age
17:09 Double-Bit Axe
17:51 Fishing Lines
21:23 Husbandry
21:35 Bloodlines
22:00 Fletching
24:01 Fervor
24:27 Horse Collar
26:08 Sanctity
27:41 Redemption
27:25 Gold Mining
28:22 Bloodlines
31:17 Heavy Plow
36:05 Imperial Age
34:26 Bow Saw
34:52 Wheelbarrow
34:03 Town Watch
36:08 Gold Shaft Mining
36:40 Hand Cart
36:31 Bodkin Arrow
36:37 Padded Archer Armor
37:41 Guilds
36:54 Elite Elephant Archer
38:03 Bracer
38:18 Leather Archer Armor
38:25 Ballistics
39:48 Two-Man Saw
39:54 Crop Rotation
39:58 Conscription
39:52 Paiks
41:03 Chemistry
40:35 Ring Archer Armor
41:49 Block Printing
41:59 Illumination
42:09 Theocracy
41:59 Illumination
42:10 Theocracy
46:27 Siege Engineers
46:33 Masonry
49:18 Mahayana
52:06 Architecture
51:35 Murder Holes
51:52 Fortified Wall
53:03 Caravan
Connection lost

Rejoining the realm…

Still unreachable

The connection could not be restored.

Session expired

The server has moved on; the page needs a fresh start.